 Dungeon Crawl Stone Soup version 0.21.1-1-g345015fe64 (webtiles) character file.

387 Ablot the Sneak (level 6, -1/44 HPs)
             Began as a Gnoll Enchanter on July 20, 2018.
             Slain by Pikel
             ... wielding a +0 whip of electrocution
              (11 damage)
             ... on level 4 of the Dungeon.
             The game lasted 00:12:12 (3467 turns).

Ablot the Sneak (Gnoll Enchanter)                   Turns: 3467, Time: 00:12:12

Health: -1/44      AC:  4    Str: 15    XL:     6   Next: 78%
Magic:  14/14      EV: 15    Int: 17    God:
Gold:   181        SH:  0    Dex: 18    Spells: 6/15 levels left

rFire    . . .     SeeInvis .   a - +1 dagger
rCold    . . .     Gourm    .   (no shield)
rNeg     . . .     Faith    .   b - +0 robe
rPois    .         Spirit   .   (no helmet)
rElec    .         Reflect  .   h - +0 cloak
rCorr    .         Harm     .   (no gloves)
MR       .....                  D - +0 pair of boots
Stlth    +++.......             (no amulet)
HPRegen  0.14/turn              (no ring)
MPRegen  0.14/turn              (no ring)

@: mighty
A: distributed training, fangs 1, strong nose
a: no special abilities


You were on level 4 of the Dungeon.
You were hungry.

You visited 1 branch of the dungeon, and saw 4 of its levels.

You collected 181 gold pieces.

Inventory:

Hand Weapons
 a - a +1 dagger (weapon)
Missiles
 e - 48 sling bullets
 C - 15 bolts
 F - 7 tomahawks (quivered)
Armour
 b - a +0 robe (worn)
 h - a +0 cloak (worn)
 D - a +0 pair of boots (worn)
Jewellery
 j - a cursed ring of teleportation {unknown}
 y - a cursed ring of teleportation {unknown}
 z - an uncursed amulet of the gourmand {unknown}
Wands
 q - a wand of digging (11)
 G - a wand of paralysis (13)
Scrolls
 f - 2 scrolls of identify {unknown}
 g - 2 scrolls of fear {unknown}
 i - a scroll of magic mapping {unknown}
 k - 3 scrolls of remove curse {unknown}
 n - a scroll of blinking {unknown}
 o - a scroll of amnesia {unknown}
 p - 2 scrolls of fog {unknown}
 r - a scroll of noise {unknown}
 s - 2 scrolls of teleportation {unknown}
 w - a scroll of enchant armour {unknown}
 A - a scroll of immolation {unknown}
Potions
 l - a potion of berserk rage {unknown}
 m - a potion of agility {unknown}
 t - a potion of magic {unknown}
 u - a potion of degeneration {unknown}
 v - a potion of flight {unknown}
 E - a potion of curing {unknown}
Books
 c - a book of Maledictions

   Spells                             Type                      Level
   a - Corona                         Hexes                        1
   b - Ensorcelled Hibernation        Hexes/Ice                    2
   c - Confuse                        Hexes                        3
   d - Tukima's Dance                 Hexes                        3
   e - Dazzling Spray                 Conjuration/Hexes            3
Comestibles
 d - 4 rations
 B - 3 chunks of flesh


   Skills:
 + Level 2.1 Fighting
 + Level 3.3 Short Blades
 + Level 2.1 Long Blades
 + Level 2.1 Axes
 + Level 2.1 Maces & Flails
 + Level 2.1 Polearms
 + Level 2.1 Staves
 + Level 2.1 Slings
 + Level 2.1 Bows
 + Level 2.1 Crossbows
 + Level 2.1 Throwing
 + Level 2.1 Armour
 + Level 5.0 Dodging
 + Level 6.3 Stealth
 + Level 2.1 Shields
 + Level 2.1 Unarmed Combat
 + Level 5.4 Spellcasting
 + Level 1.6 Conjurations
 + Level 5.7 Hexes
 + Level 1.6 Charms
 + Level 1.6 Summonings
 + Level 1.6 Necromancy
 + Level 1.6 Translocations
 + Level 1.6 Transmutations
 + Level 1.6 Fire Magic
 + Level 1.6 Ice Magic
 + Level 1.6 Air Magic
 + Level 1.6 Earth Magic
 + Level 1.6 Poison Magic
 + Level 2.3 Invocations
 + Level 2.1 Evocations


You had 6 spell levels left.
You knew the following spells:

 Your Spells              Type           Power        Failure   Level  Hunger
a - Corona                Hex            ###....      1%          1    None
b - Ensorcelled Hibernat  Hex/Ice        ###...       4%          2    #......
c - Confuse               Hex            ###.....     3%          3    ##.....
d - Tukima's Dance        Hex            ###.....     3%          3    ##.....


Dungeon Overview and Level Annotations

Branches:
Dungeon (4/15)
 Temple: D:4-7

Altars:
Fedhas
Ru
Trog

Annotations:
D:4 Pikel


Innate Abilities, Weirdness & Mutations

Your experience applies equally to all skills.
You have very sharp teeth.
Your uncanny sense of smell can sniff out nearby items.


Message History

Unknown command.
Unknown command.
A slave comes into view.
The slave moves out of view.
Pikel the Slaver comes into view.
He is wielding a whip of electrocution.
Pikel shouts!
The slave shouts!
You hear a shout!
Pikel says, "I knew I should've brought a map."
Items here: )) [ ††††† The slave closely misses you.
You hit the slave.
The slave is lightly wounded.
The slave barely misses you.
You puncture the slave!
The slave is heavily wounded.
Pikel barely misses you. The slave hits you.
* * * LOW HITPOINT WARNING * * *
The slave completely misses you.
You barely miss Pikel. The slave hits you but does no damage.
Pikel hits you with a whip of electrocution!
You die...

#......................
#......................
#........<...............
##.#.(................>..
.. ......h...............
. .#...####........p.....
...... .......<..†......
.######Kp........
###@#.....##. #.p.#######
#####


You could see Pikel and 3 slaves.

Vanquished Creatures
  A slave (D:4)
  A scorpion (D:4)
  A howler monkey (D:4)
  2 hounds (D:4)
  Ijyb (D:3)
  Jessica (D:3)
  Terence (D:3)
  5 adders
  An adder skeleton (D:4)
  2 dart slugs
  6 leopard geckos
  12 orcs
  9 bats
  5 giant cockroaches
  6 goblins
  10 hobgoblins
  7 jackals
  10 kobolds
  3 quokkas
  4 frilled lizards
  3 rats
91 creatures vanquished.

Notes
Turn   | Place    | Note
-------+----------+-------------------------------------------
     0 | D:1      | Ablot the Gnoll Enchanter began the quest for the Orb.
     0 | D:1      | Reached XP level 1. HP: 13/13 MP: 6/6
   104 | D:1      | Reached XP level 2. HP: 14/19 MP: 7/7
   421 | D:1      | Reached XP level 3. HP: 10/25 MP: 9/9
   493 | D:1      | Learned a level 2 spell: Ensorcelled Hibernation
   497 | D:1      | Learned a level 3 spell: Confuse
   501 | D:1      | Learned a level 3 spell: Tukima's Dance
   588 | D:2      | Reached skill level 5 in Spellcasting
   612 | D:2      | HP: 1/25 [jackal (2)]
   936 | D:2      | Found a blossoming altar of Fedhas.
   956 | D:2      | Reached skill level 6 in Stealth
  1064 | D:2      | Reached skill level 1 in Invocations
  1162 | D:2      | Found a faded altar of an unknown god.
  1250 | D:2      | Reached skill level 1 in Fighting
  1250 | D:2      | Reached skill level 1 in Long Blades
  1250 | D:2      | Reached skill level 1 in Axes
  1250 | D:2      | Reached skill level 1 in Maces & Flails
  1250 | D:2      | Reached skill level 1 in Polearms
  1250 | D:2      | Reached skill level 1 in Staves
  1250 | D:2      | Reached skill level 1 in Slings
  1250 | D:2      | Reached skill level 1 in Bows
  1250 | D:2      | Reached skill level 1 in Crossbows
  1250 | D:2      | Reached skill level 1 in Throwing
  1250 | D:2      | Reached skill level 1 in Armour
  1250 | D:2      | Reached skill level 1 in Shields
  1250 | D:2      | Reached skill level 1 in Unarmed Combat
  1250 | D:2      | Reached skill level 1 in Evocations
  1250 | D:2      | Reached XP level 4. HP: 25/32 MP: 6/11
  1370 | D:2      | Found a bloodstained altar of Trog.
  1964 | D:3      | Noticed Jessica
  2000 | D:3      | Killed Jessica
  2000 | D:3      | Reached skill level 1 in Conjurations
  2000 | D:3      | Reached skill level 1 in Charms
  2000 | D:3      | Reached skill level 1 in Summonings
  2000 | D:3      | Reached skill level 1 in Necromancy
  2000 | D:3      | Reached skill level 1 in Translocations
  2000 | D:3      | Reached skill level 1 in Transmutations
  2000 | D:3      | Reached skill level 1 in Fire Magic
  2000 | D:3      | Reached skill level 1 in Ice Magic
  2000 | D:3      | Reached skill level 1 in Air Magic
  2000 | D:3      | Reached skill level 1 in Earth Magic
  2000 | D:3      | Reached skill level 1 in Poison Magic
  2434 | D:3      | Reached XP level 5. HP: 33/37 MP: 12/12
  2566 | D:3      | Noticed Terence
  2610 | D:3      | Killed Terence
  3128 | D:3      | Noticed Ijyb
  3131 | D:3      | Killed Ijyb
  3273 | D:3      | Found a sacrificial altar of Ru.
  3377 | D:4      | Reached XP level 6. HP: 41/44 MP: 10/13
  3414 | D:4      | Noticed a slave
  3420 | D:4      | Reached skill level 5 in Dodging
  3428 | D:4      | Killed a slave
  3435 | D:4      | Noticed a slave
  3435 | D:4      | Noticed a slave
  3457 | D:4      | Noticed a slave
  3460 | D:4      | Noticed Pikel
  3467 | D:4      | Slain by Pikel

Skill      XL: |  1  2  3  4  5  6 |
---------------+-------------------+-----
Spellcasting   | 5 |  5.4
Stealth        | 6 |  6.3
Invocations    | 1 2 |  2.3
Fighting       | 1 2 |  2.1
Long Blades    | 1 2 |  2.1
Axes           | 1 2 |  2.1
Maces & Flails | 1 2 |  2.1
Polearms       | 1 2 |  2.1
Staves         | 1 2 |  2.1
Slings         | 1 2 |  2.1
Bows           | 1 2 |  2.1
Crossbows      | 1 2 |  2.1
Throwing       | 1 2 |  2.1
Armour         | 1 2 |  2.1
Shields        | 1 2 |  2.1
Unarmed Combat | 1 2 |  2.1
Evocations     | 1 2 |  2.1
Conjurations   | 1 |  1.6
Charms         | 1 |  1.6
Summonings     | 1 |  1.6
Necromancy     | 1 |  1.6
Translocations | 1 |  1.6
Transmutations | 1 |  1.6
Fire Magic     | 1 |  1.6
Ice Magic      | 1 |  1.6
Air Magic      | 1 |  1.6
Earth Magic    | 1 |  1.6
Poison Magic   | 1 |  1.6
Short Blades   | 3 |  3.3
Dodging        | 5 |  5.0
Hexes          | |  5.7

Action                   |  1- 3 |  4- 6 || total
-------------------------+-------+-------++-------
Melee: Dagger            |   154 |   233 ||   387
       Bite              |    10 |    27 ||    37
       Punch             |       |     2 ||     2
 Cast: Corona            |    11 |     9 ||    20
       Ensorcelled Hiber |     2 |    11 ||    13
  Use: Potion            |     1 |     1 ||     2
 Stab: Sleeping          |     8 |    13 ||    21
  Eat: Chunk             |     1 |     7 ||     8
Armor: Robe              |    42 |    24 ||    66
Dodge: Dodged            |   146 |   144 ||   290
